 Dungeon Crawl Stone Soup version 0.30-a0-782-ge64f9170bb (webtiles) character file.

Game seed: 6662217374979990966

7049 Ezra the Frost Mage (level 11, 75/75 HPs)
             Began as a Human Ice Elementalist on Feb 19, 2023.
             Was a Follower of Vehumet.
             Quit the game on level 7 of the Dungeon.
             The game lasted 00:21:03 (11966 turns).

Ezra the Frost Mage (Human Ice Elementalist)       Turns: 11966, Time: 00:21:04

Health: 75/75      AC:  6    Str:  9    XL:     11   Next: 30%
Magic:  20/20      EV: 13    Int: 20    God:    Vehumet [*.....]
Gold:   631        SH:  0    Dex: 13    Spells: 9/22 levels left

rFire   . . .      SeeInvis .    J - +0 arbalest
rCold   + . .      Faith    .    (shield currently unavailable)
rNeg    . . .      Spirit   .    t - +0 leather armour
rPois   +          Reflect  .    E - +0 helmet
rElec   .          Harm     .    u - +0 cloak
rCorr   .          Rampage  .    (no gloves)
Will    .....                    o - +0 pair of boots
Stlth   +++                      (no amulet)
HPRegen 0.32/turn                d - ring of protection from cold
MPRegen 0.17/turn                h - ring of poison resistance

@: studying Polearms
A: no striking features
a: Renounce Religion


You were on level 7 of the Dungeon.
You worshipped Vehumet.
Vehumet was aware of your devotion.
You visited 2 branches of the dungeon, and saw 9 of its levels.
You also visited: Bailey.

You collected 631 gold pieces.

Inventory:

Hand Weapons
 v - the +8 hammer of Quick Trial by Ordeal {freeze, Int+4 SInv}
   (You found it on level 3 of the Dungeon)

   Int:       It affects your intelligence (+4).
   SInv:      It lets you see invisible.
 J - a +0 arbalest (weapon)
Missiles
 b - 17 boomerangs
 g - 5 silver javelins
 K - 21 javelins
Armour
 o - a +0 pair of boots (worn)
 t - a +0 leather armour (worn)
 u - a +0 cloak (worn)
 E - a +0 helmet (worn)
Jewellery
 d - a ring of protection from cold (left hand)
 h - a ring of poison resistance (right hand)
 y - a ring of flight
 G - an amulet of faith
 I - a +4 ring of slaying
Wands
 N - a wand of paralysis (8)
 O - a wand of mindburst (12)
Scrolls
 c - 3 scrolls of enchant weapon
 e - 7 scrolls of identify
 f - a scroll of fear
 i - 2 scrolls of torment {unknown}
 k - a scroll of magic mapping
 n - 4 scrolls of teleportation {unknown}
 p - a scroll of vulnerability {unknown}
 q - 2 scrolls of noise {unknown}
 r - a scroll of silence {unknown}
 s - 2 scrolls of fog {unknown}
 w - 4 scrolls of enchant armour
 L - a scroll of amnesia {unknown}
 M - 2 scrolls of immolation {unknown}
Potions
 a - 3 potions of cancellation
 j - 5 potions of brilliance
 l - 2 potions of ambrosia
 m - 2 potions of might {unknown}
 x - a potion of berserk rage
 z - 2 potions of lignification
 A - a potion of flight {unknown}
 B - 3 potions of curing
 C - 2 potions of heal wounds
 D - a potion of resistance {unknown}
 F - 2 potions of haste
 H - a potion of degeneration {unknown}


   Skills:
 - Level 3.0 Fighting
 - Level 6.0 Dodging
 - Level 5.0 Stealth
 - Level 6.0 Spellcasting
 + Level 5.0 Conjurations
 - Level 5.0 Translocations
 - Level 12.0 Ice Magic


You had 9 spell levels left.
You knew the following spells:

 Your Spells              Type           Power      Damage    Failure   Level
a - Freeze                Ice            100%       1d10      1%          1
b - Frozen Ramparts       Ice            100%       1d16      1%          3
c - Blink                 Tloc           52%        N/A       2%          2
d - Ozocubu's Armour      Ice            52%        N/A       1%          3
e - Iskenderun's Mystic   Conj/Tloc      26%        2d7       19%         4

Your spell library contained the following spells:

 Spells                   Type           Power      Damage    Failure   Level
 Shock                    Conj/Air       64%        1d7       5%          1
 Lesser Beckoning         Tloc           52%        N/A       2%          2
 Momentum Strike          Conj/Tloc      52%        3d9       2%          2
 Summon Ice Beast         Ice/Summ       30%        N/A       12%         4
 Dazzling Flash           Conj/Hex       32%        N/A       16%         3
 Vhi's Electric Charge    Tloc/Air       32%        N/A       16%         3
 Ozocubu's Refrigeration  Ice            26%        4d13      65%         7
 Arcjolt                  Conj/Air       8%         1d18      82%         5
 Starburst                Conj/Fire      8%         6d4       100%        6
 Maxwell's Capacitive Co  Air            3%         ∞         100%        8
 Chain Lightning          Conj/Air       8%         3d10      100%        9
 Fire Storm               Conj/Fire      8%         8d2       100%        9
 Shatter                  Erth           3%         3d7*      100%        9


Dungeon Overview and Level Annotations

Branches:
Dungeon (8/15)             Temple (1/1) D:7          Bailey (visited)
   Lair: D:8-11

Altars:
Ashenzari
Cheibriados
Dithmenos
Elyvilon
Fedhas
Hepliaklqana
Makhleb
Nemelex Xobeh
Okawaru
Qazlal
Ru
Sif Muna
Trog
Vehumet
Wu Jian
Xom
Zin
The Shining One

Annotations:
D:8 Gastronok


Message History

Press: ? - help, Dir - look around, f - activate The walls around you are covered in ice.
The wall freezes the gnoll!
The wall freezes the gnoll bouda!
You kill the gnoll bouda!
Vehumet accepts your kill.
Training target 5.0 for Translocations reached!
Your Translocations skill increases to level 5!
Casting: Frozen Ramparts (safe; 1% risk of failure)
Confirm with . or Enter, or press ? or * to list all spells.
A film of ice covers your body!
The wall freezes the gnoll!
You kill the gnoll!
Vehumet accepts your kill.
No target in view!
Your attacks no longer feel as feeble.
The frozen ramparts melt away.
Your icy armour cracks and falls away as you move.
There is an open door here.
Things that are here:
a +0 spear; a +0 robe You see here a +3 spear.
You pick up Ozocubu's Autobiography and begin reading...
You add the spell Ozocubu's Refrigeration to your library.
There is an open door here.
There is an open door here.
Done exploring.
Done exploring.
Done exploring.
Done exploring.
Done exploring.
Done exploring.
Done exploring.
Done exploring.
Done exploring.
Done exploring.
Done exploring.
Done exploring.
(D) Dungeon (T) Temple
Where to? (Enter - Temple, ? - help)
Okay, then.
Are you sure you want to abandon this character and quit the game? (Confirm with "yes".)

#....~≈###'#...))........##.
#....~~~.#.#....###'########
#....~≈~.#.#....#.#.).......
#....≈~~.#.###'##)#.........
#....~~~.#......#.#.........
#.P..~≈~.#......#.'.........
#....~≈~.#.#################
#....~≈~.#.#...........#....
#....~≈≈.#.@...........'...)
#....~≈###'#...........#...)
#...P~≈#...#############')''
#....~≈#...#................
#....≈≈#####~~~≈~~~~~≈≈~....
#....≈≈≈≈≈≈≈≈≈~≈≈≈≈~≈≈≈~....
#P...~~~~~~~~~~~~~~~~~~~....
#...........................
#########..>........[.......


There were no monsters in sight!

Vanquished Creatures
  A hornet (D:8)
  6 yaks (D:6)
  Duvessa (D:4)
  2 water moccasins
  An ice beast (D:5)
  15 orc warriors
  3 black bears
  12 centaurs
  4 ogres
  A phantom (D:5)
  4 kobold brigands
  A gnoll sergeant (D:7)
  5 scorpions
  3 wights (D:7)
  Dowan (D:4)
  A killer bee (D:5)
  9 howler monkeys (D:7)
  8 hounds
  5 orc priests
  Crazy Yiuf (D:3)
  3 iguanas
  4 gnoll boudas
  9 orc wizards
  Robin (D:4)
  17 gnolls
  10 adders
  2 shadow imps
  2 white imps (D:6)
  2 ufetubi
  4 dart slugs
  56 orcs
  7 endoplasms
  8 giant cockroaches
  16 goblins
  11 hobgoblins
  7 jackals
  4 kobolds
  3 quokkas
  5 ball pythons
  3 bats (D:2)
  A frilled lizard (D:3)
  3 rats
262 creatures vanquished.

Vanquished Creatures (others)
  3 plants (D:7)
3 creatures vanquished.

Grand Total: 265 creatures vanquished

Notes
Turn   | Place    | Note
-------+----------+-------------------------------------------
     0 | D:1      | Ezra the Human Ice Elementalist began the quest for the
                  | Orb.
     0 | D:1      | Reached XP level 1. HP: 13/13 MP: 3/3
    76 | D:1      | Reached XP level 2. HP: 11/19 MP: 0/5
   516 | D:1      | Reached XP level 3. HP: 21/24 MP: 2/6
   755 | D:1      | Reached skill level 5 in Ice Magic
  1186 | D:2      | Reached XP level 4. HP: 30/30 MP: 2/7
  1924 | D:2      | Reached XP level 5. HP: 35/35 MP: 5/8
  2017 | D:1      | Learned a level 3 spell: Frozen Ramparts
  2022 | D:1      | Learned a level 3 spell: Ozocubu's Armour
  2146 | D:2      | Reached skill level 6 in Ice Magic
  2340 | D:3      | Found a runed translucent door.
  2342 | D:3      | Noticed Crazy Yiuf
  2880 | D:3      | Found a large runed translucent door.
  3129 | D:3      | Found a large runed translucent door.
  3139 | D:3      | Found a glowing golden altar of the Shining One.
  3149 | D:3      | Found a snail-covered altar of Cheibriados.
  3297 | D:3      | Killed Crazy Yiuf
  3326 | D:3      | Identified the +8 hammer of Quick Trial by Ordeal {freeze,
                  | Int+4 SInv}
  3444 | D:4      | Noticed a black bear
  3451 | D:4      | Killed a black bear
  3452 | D:4      | Reached skill level 7 in Ice Magic
  3452 | D:4      | Reached skill level 1 in Fighting
  3452 | D:4      | Reached XP level 6. HP: 44/44 MP: 2/9
  3906 | D:4      | Noticed Duvessa
  3906 | D:4      | Noticed Dowan
  3950 | D:4      | Killed Duvessa
  3951 | D:4      | Reached XP level 7. HP: 22/52 MP: 1/10
  4053 | D:4      | Killed Dowan
  4298 | D:4      | You fall into a shaft and drop 3 floors!
  4309 | D:7      | Reached skill level 5 in Dodging
  4310 | D:7      | Reached XP level 8. HP: 52/58 MP: 2/11
  4538 | D:6      | Noticed a yak
  4542 | D:6      | Noticed a yak
  4542 | D:6      | Noticed a yak
  4542 | D:6      | Noticed a yak
  4542 | D:6      | Noticed a yak
  4560 | D:6      | Noticed a yak
  4562 | D:6      | Killed a yak
  4564 | D:6      | Killed a yak
  4565 | D:6      | Reached skill level 5 in Stealth
  4565 | D:6      | Reached XP level 9. HP: 44/63 MP: 8/15
  4572 | D:6      | Reached skill level 8 in Ice Magic
  4678 | D:6      | Reached skill level 9 in Ice Magic
  5290 | D:5      | Entered Level 5 of the Dungeon
  5517 | D:5      | Reached skill level 10 in Ice Magic
  5946 | D:5      | Found a white marble altar of Elyvilon.
  5967 | D:5      | Reached XP level 10. HP: 70/70 MP: 9/16
  6033 | D:5      | Found a stormy altar of Qazlal.
  6464 | D:4      | Noticed Robin
  6472 | D:4      | Killed Robin
  7305 | D:6      | Learned a level 2 spell: Blink
  7310 | D:6      | Learned a level 4 spell: Iskenderun's Mystic Blast
  7393 | D:8      | Found a flagged portal.
  7416 | D:8      | Reached skill level 11 in Ice Magic
  7448 | Bailey   | Entered a bailey
  8360 | Bailey   | Reached skill level 12 in Ice Magic
  8441 | Bailey   | Reached skill level 1 in Conjurations
  8441 | Bailey   | Reached skill level 1 in Translocations
  9442 | Bailey   | Identified the +4 scimitar of the Priest {drain, rElec}
  9793 | D:8      | Found a shadowy altar of Dithmenos.
  9939 | D:8      | Noticed Gastronok
 10354 | D:7      | Reached XP level 11. HP: 40/67 MP: 17/17
 10493 | D:7      | Found a broken altar of Ashenzari.
 10601 | D:7      | Reached skill level 5 in Spellcasting
 10618 | D:7      | Found a staircase to the Ecumenical Temple.
 10647 | Temple   | Entered the Ecumenical Temple
 10780 | Temple   | Became a worshipper of Vehumet
 11218 | D:7      | Reached * piety under Vehumet
 11218 | D:7      | Offered knowledge of Shock by Vehumet.
 11630 | D:7      | Noticed a cyclops
 11777 | D:7      | Reached skill level 5 in Conjurations
 11908 | D:7      | Reached skill level 5 in Translocations
 11966 | D:7      | Quit the game

Illustrated notes

Levels and vault maps discovered:
D:1:      ncdulo_wetmaze, layout_basic, hangedman_decor_clover_reticule,
          minmay_pentomino_v4
D:2:      layout_loops_ring
D:3:      layout_loops_ring, jmf_multi_god_temple2, solitary_fountain,
          uniq_crazy_yiuf_cottage
D:4:      layout_gridville, uniq_duvessa, uniq_robin
D:5:      minmay_inner_zag, layout_cave_pools, nicolae_qazlal_general_emergency,
          elyvilon_altar_4, kennysheep_potato
D:6:      layout_gridville, reono_crystal_passage, nrook_uturn
D:7:      lemuel_castle_with_subvaults [lemuel_castle_interior_carwin_1],
          layout_basic, nicolae_ashenzari_panopticon,
          minmay_temple_entry_slanted, chequers_serial_rivers_micro_c,
          minivault_25, grunt_tough_drop
D:8:      layout_loops_cross, nicolae_dithmenos_shadow_blocks, enter_bailey_5,
          minmay_misc_feat_enclosed, minmay_hedge_maze, lightli_orcish_oven,
          uniq_gastronok, uniq_maggie
Temple:   nicolae_temple_superstar

Skill      XL: |  1  2  3  4  5  6  7  8  9 10 11 |
---------------+----------------------------------+-----
Ice Magic      | 5 7 10 12 | 12.0
Fighting       | 1 3 |  3.0
Dodging        | 3 5 6 |  6.0
Stealth        | 5 |  5.0
Spellcasting   | 4 6 |  6.0
Conjurations   | 4 5 |  5.0
Translocations | 4 5 |  5.0

Action                     |  1- 3 |  4- 6 |  7- 9 | 10-12 || total
---------------------------+-------+-------+-------+-------++-------
  Melee: Unarmed           |    18 |       |       |       ||    18
         Long sword        |     1 |     2 |       |       ||     3
         Flail             |       |     3 |       |       ||     3
         Mace              |       |     9 |    84 |    12 ||   105
         Punch             |       |       |     2 |       ||     2
   Fire: Arbalest          |       |       |       |   323 ||   323
   Cast: Freeze            |    46 |    45 |    28 |    37 ||   156
         Frozen Ramparts   |       |    12 |    17 |    32 ||    61
         Ozocubu's Armour  |       |     2 |     9 |    19 ||    30
    Use: Potion            |     1 |     3 |     2 |     2 ||     8
         Scroll            |       |     2 |       |     6 ||     8
   Stab: Sleeping          |     1 |       |     2 |       ||     3
 Armour: Robe              |    11 |     8 |       |       ||    19
         Leather armour    |       |    12 |    50 |    92 ||   154
  Dodge: Dodged            |    41 |    44 |   125 |   224 ||   434

Table legend: (Time is in decaauts)
 A = Elapsed time spent in this place.
 B = Non-inter-level travel time spent in this place.
 C = Inter-level travel time spent in this place.
 D = Time resting spent in this place.
 E = Time spent auto-exploring this place.
 F = Levels seen in this place.
 G = Mean time per level.
                   A        B        C        D        E       F      G
               +--------+--------+--------+--------+--------+-----+--------+
         Total |  12353 |  11776 |    577 |    593 |   8693 |  10 | 1235.3 |
       Dungeon |   9756 |   9179 |    577 |     28 |   7326 |   8 | 1219.5 |
        Temple |    140 |    140 |      0 |      0 |    116 |   1 |  140.0 |
        Bailey |   2457 |   2457 |      0 |    565 |   1251 |   1 | 2457.0 |
               +--------+--------+--------+--------+--------+-----+--------+

Top non-repeatable levels by time:
  Bailey: 2457 daAuts
     D:7: 2086 daAuts
     D:4: 1455 daAuts
     D:6: 1344 daAuts
     D:3: 1152 daAuts
     D:2: 1131 daAuts
     D:1: 1129 daAuts
     D:5: 1092 daAuts
     D:8: 364 daAuts
  Temple: 140 daAuts
